 Dungeon Crawl Stone Soup version 0.26.0-10-g1f06aea511 (webtiles) character file.

Game seed: 1926516113393293924

3154 dohliylev the Tainter (level 9, -2/45 HPs)
             Began as a Gargoyle Venom Mage on Jan 17, 2021.
             Slain by an iguana (6 damage)
             ... on level 8 of the Dungeon.
             The game lasted 00:28:32 (9308 turns).

dohliylev the Tainter (Gargoyle Venom Mage)         Turns: 9308, Time: 00:28:32

Health: -2/45      AC: 12    Str: 13    XL:     9   Next: 93%
Magic:  12/21      EV: 13    Int: 18    God:
Gold:   391        SH:  0    Dex: 10    Spells: 8/25 levels left

rFire    . . .     SeeInvis .   B - +2 dagger (speed)
rCold    + + .     Faith    .   (no shield)
rNeg     + . .     Spirit   .   w - +2 robe {rC+ rF+}
rPois    ∞         Reflect  .   (no helmet)
rElec    +         Harm     .   f - +0 cloak
rCorr    .         Rampage  .   z - +0 pair of gloves
Will     .....                  (no boots)
Stlth    +++.......             (no amulet)
HPRegen  0.15/turn              a - ring of stealth
MPRegen  0.17/turn              r - ring of ice

@: no status effects
A: negative energy resistance 1, electricity resistance, unbreathing,
petrification resistance, miasma immunity, AC +6
a: no special abilities


You were on level 8 of the Dungeon.
You visited 2 branches of the dungeon, and saw 9 of its levels.

You collected 391 gold pieces.

Inventory:

Hand Weapons
 B - a +2 dagger of speed (weapon)
Armour
 f - a +0 cloak (worn)
 w - a +2 robe of resistance (worn)
 z - a +0 pair of gloves (worn)
Magical Staves
 p - an uncursed staff of death {unknown}
Jewellery
 a - a ring of stealth (left hand)
 r - a ring of ice (right hand)
Wands
 o - a wand of acid (8)
 t - a wand of flame (15)
 v - a wand of digging (3)
Scrolls
 d - 4 scrolls of teleportation {unknown}
 g - 4 scrolls of identify {unknown}
 i - 4 scrolls of immolation {unknown}
 j - a scroll of fog {unknown}
 k - 3 scrolls of fear {unknown}
 l - 4 scrolls of amnesia {unknown}
 n - a scroll of noise {unknown}
 s - 6 scrolls of remove curse {unknown}
 u - a scroll of random uselessness {unknown}
 x - a scroll of magic mapping {unknown}
 y - a scroll of blinking {unknown}
Potions
 b - 2 potions of cancellation {unknown}
 c - 2 potions of flight {unknown}
 e - 2 potions of curing {unknown}
 h - 4 potions of heal wounds
 m - a potion of ambrosia {unknown}
 q - 2 potions of mutation {unknown}
 A - 2 potions of might {unknown}


   Skills:
 + Level 3.7 Dodging
 - Level 2.1 Stealth
 + Level 8.9 Spellcasting
 - Level 0.7 Transmutations
 + Level 9.4 Poison Magic


You had 8 spell levels left.
You knew the following spells:

 Your Spells              Type           Power        Failure   Level
a - Sting                 Tmut/Pois      100%         1%          1
b - Poisonous Vapours     Pois/Air       50%          1%          2
c - Mephitic Cloud        Conj/Pois/Air  19%          8%          3
d - Olgreb's Toxic Radia  Pois           41%          1%          4
e - Ignite Poison         Fire/Tmut/Pois 20%          7%          3
f - Blink                 Tloc           N/A          14%         2
g - Slow                  Hex            8%           14%         2

Your spell library contained the following spells:

 Spells                   Type           Power        Failure   Level
 Magic Dart               Conj           32%          9%          1
 Call Imp                 Summ           8%           14%         2
 Conjure Flame            Conj/Fire      8%           26%         3


Dungeon Overview and Level Annotations

Branches:
Dungeon (7/15)             Temple (1/1) D:5            Lair (0/6) D:8

Altars:
Ashenzari
Cheibriados
Elyvilon
Fedhas
Kikubaaqudgha
Makhleb
Nemelex Xobeh
Qazlal
Ru
Uskayaw
Wu Jian
Xom
Zin

Annotations:
D:3 exclusion: oklob plant


Innate Abilities, Weirdness & Mutations

You are resistant to torment.
Your stone body is resilient. (AC +6)
You are immune to poison.
You resist negative energy. (rN+)
You are resistant to electric shocks. (rElec)
You can survive without breathing.
You are immune to petrification.
You are immune to miasma.


Message History

The centaur warrior skeleton hits you.
* * * LOW HITPOINT WARNING * * *
There is an open door here.
The white imp gestures at you. The puff of frost hits you. You resist.
* * * LOW HITPOINT WARNING * * *
The centaur warrior skeleton hits you but does no damage.
The centaur warrior skeleton hits you.
* * * LOW HITPOINT WARNING * * *
The white imp shouts, "Begone, thou defiled dismal-dreaming dewberry!"
Found a curved glowing staff.
The iguana hisses angrily.
The centaur warrior skeleton hits you.
* * * LOW HITPOINT WARNING * * *
The centaur warrior skeleton hits you.
* * * LOW HITPOINT WARNING * * *
You see here a curved glowing staff.
p - a curved glowing staff The iguana bites you.
You die...

##############
#....5...#...
#.######5#.#
#.# #......#
#5# #.....Z#
####'###....l@#
#...$.........#
#........##+#.#
#......./# #.#
####........#
#.#
...'........+
...
...#........#
#.#
...#........#
#..
...####..####


You could see an iguana, a white imp and a centaur warrior skeleton.

Vanquished Creatures
  A two-headed ogre (D:8)
  Grinder (D:6)
  A spriggan (D:7)
  2 black bears
  A sky beast (D:5)
  An ice beast (D:7)
  4 centaurs
  Blork the orc (D:6)
  A gnoll sergeant (D:8)
  5 scorpions
  A bullfrog zombie (D:5)
  2 jellies
  9 orc priests
  3 hounds
  3 iguanas
  5 orc wizards
  A bullfrog skeleton (D:6)
  2 worker ants
  9 gnolls
  A howler monkey skeleton (D:5)
  9 adders
  3 shadow imps (D:5)
  An ufetubus (D:7)
  2 oozes
  An adder skeleton (D:6)
  2 adder zombies
  2 worms (D:2)
  2 dart slugs
  2 leopard geckos
  9 orcs
  7 giant cockroaches
  23 goblins
  28 hobgoblins
  11 jackals
  4 quokkas
  4 ball pythons
  8 bats
  6 frilled lizards
  9 kobolds
  A leopard gecko skeleton (D:6)
  A leopard gecko zombie (D:7)
  14 rats
203 creatures vanquished.

Vanquished Creatures (others)
  13 toadstools (D:3)
13 creatures vanquished.

Grand Total: 216 creatures vanquished

Notes
Turn   | Place    | Note
-------+----------+-------------------------------------------
     0 | D:1      | dohliylev the Gargoyle Venom Mage began the quest for the
                  | Orb.
     0 | D:1      | Reached XP level 1. HP: 10/10 MP: 3/3
   151 | D:1      | Reached XP level 2. HP: 3/15 MP: 0/5
  1139 | D:1      | Reached XP level 3. HP: 19/19 MP: 4/6
  1450 | D:2      | Learned a level 2 spell: Poisonous Vapours
  1849 | D:2      | Found a sacrificial altar of Ru.
  2286 | D:2      | Noticed an air elemental
  2287 | D:2      | Found a stormy altar of Qazlal.
  2288 | D:2      | Noticed a water elemental
  2289 | D:2      | Noticed an earth elemental
  2289 | D:2      | Noticed a fire elemental
  2355 | D:2      | Reached XP level 4. HP: 24/24 MP: 1/8
  2744 | D:3      | Reached skill level 4 in Poison Magic
  3087 | D:3      | Found a blossoming altar of Fedhas.
  3098 | D:3      | Noticed an oklob plant
  3449 | D:3      | Reached XP level 5. HP: 28/28 MP: 6/9
  4079 | D:4      | Reached XP level 6. HP: 32/32 MP: 8/12
  4182 | D:4      | Learned a level 3 spell: Mephitic Cloud
  4187 | D:4      | Learned a level 4 spell: Olgreb's Toxic Radiance
  4212 | D:4      | Reached skill level 5 in Poison Magic
  4334 | D:4      | Learned a level 3 spell: Ignite Poison
  4954 | D:4      | Found a burning altar of Makhleb.
  5083 | D:4      | Reached XP level 7. HP: 36/36 MP: 6/14
  5424 | D:5      | Entered Level 5 of the Dungeon
  5795 | D:5      | Reached skill level 5 in Spellcasting
  5795 | D:5      | Reached skill level 6 in Poison Magic
  5945 | D:5      | Found a staircase to the Ecumenical Temple.
  5958 | Temple   | Entered the Ecumenical Temple
  6419 | D:5      | Found a transporter.
  6432 | D:5      | Found a transporter.
  6530 | D:5      | Reached XP level 8. HP: 41/41 MP: 3/16
  6825 | D:6      | Noticed Blork the orc
  6831 | D:6      | Killed Blork the orc
  7177 | D:6      | Noticed Grinder
  7422 | D:6      | Reached skill level 7 in Poison Magic
  7818 | D:6      | Killed Grinder
  8454 | D:6      | Reached XP level 9. HP: 45/45 MP: 9/20
  8649 | D:7      | Reached skill level 8 in Poison Magic
  9111 | D:7      | Learned a level 2 spell: Blink
  9114 | D:7      | Learned a level 2 spell: Slow
  9173 | D:7      | You fall into a shaft and drop 1 floor!
  9239 | D:8      | Noticed a two-headed ogre
  9244 | D:8      | Killed a two-headed ogre
  9245 | D:8      | Reached skill level 9 in Poison Magic
  9258 | D:8      | Found a staircase to the Lair.
  9308 | D:8      | Slain by an iguana

Illustrated notes

Levels and vault maps discovered:
D:1:      lemuel_arrival_broad_hall, layout_loops_corners
D:2:      layout_basic, nicolae_ru_sacrificial_ziggurat,
          nicolae_qazlal_style_of_elements, serial_co_window_serial,
          co_window_paths_a, co_window_paths_a, co_window_corner_a,
          co_window_paths_a, co_window_of_opportunity_a, co_window_corner_b,
          co_window_cross_2, co_window_2corner, co_window_broadway_a,
          co_window_4corner_a, glass_columns_c, glass_columns_a,
          glass_columns_a, glass_columns_a, chequers_arboretum
D:3:      layout_loops_ring, tgw_fedhas, kennysheep_generic_room_11
D:4:      minmay_goblin_kobold_castle, layout_loops_ring, kennysheep_mini,
          serial_park_tiny_2
D:5:      gammafunk_wand_slinger, layout_rooms, minmay_temple_entry_overgrown,
          patterned_corridor
D:6:      layout_cave_pods, uniq_blork_the_orc, uniq_grinder
D:7:      layout_gridville, minitemple, okawaru_humans, the_bakery
D:8:      layout_basic, nicolae_overflow_crystal_walls, lair_entry_dummy
Temple:   jpeg_temple_island

Skill      XL: |  1  2  3  4  5  6  7  8  9 |
---------------+----------------------------+-----
Dodging        | 2 3 |  3.7
Spellcasting   | 3 4 5 7 8 |  8.9
Poison Magic   | 4 5 6 7 9 |  9.4
Stealth        | |  2.1
Transmutations | |  0.7

Action                   |  1- 3 |  4- 6 |  7- 9 || total
-------------------------+-------+-------+-------++-------
Melee: Unarmed           |    14 |    28 |       ||    42
       Dagger            |     7 |    42 |   180 ||   229
 Cast: Sting             |    62 |    69 |    58 ||   189
       Poisonous Vapours |       |    31 |    57 ||    88
       Olgreb's Toxic Ra |       |     5 |     9 ||    14
       Ignite Poison     |       |       |    17 ||    17
 Stab: Sleeping          |       |     1 |     1 ||     2
Armor: Robe              |    25 |    37 |    90 ||   152
Dodge: Dodged            |    35 |    71 |   104 ||   210
